 Dungeon Crawl Stone Soup version 0.28.0-53-g5a82cb258f (webtiles) character file.

Game seed: 5801917917980956693

11160 Jerry the Basher (level 11, -11/95 (97) HPs)
             Began as a Troll Hunter on June 30, 2022.
             Was a Believer of the Shining One.
             Mangled by a sun demon (13 damage)
             ... summoned by a kobold demonologist
             ... on level 9 of the Dungeon on July 1, 2022.
             The game lasted 00:51:34 (9463 turns).

Jerry the Basher (Troll Hunter)                     Turns: 9463, Time: 00:51:37

HP:   -11/95 (97)   AC:  8    Str: 22    XL:     11   Next: 45%
MP:   10/10         EV: 13    Int:  7    God:    the Shining One [**....]
Gold: 560           SH:  0    Dex: 14    Spells: 10/10 levels left

rFire   . . .      SeeInvis .   y - +2 whip (elec)
rCold   + . .      Faith    .   (no shield)
rNeg    + . .      Spirit   .   D - +2 robe {Will+}
rPois   .          Reflect  .   (helmet restricted)
rElec   .          Harm     .   t - +1 cloak {rCorr}
rCorr   +          Rampage  .   (gloves unavailable)
Will    +....                   (boots unavailable)
Stlth   +.........              (no amulet)
HPRegen 1.05/turn               h - ring of protection from cold
MPRegen 0.12/turn               z - ring of flight

@: flying, glowing, lightly drained
A: large, unfitting armour, claws 3, regeneration 1, shaggy fur 1, tough skin 1
a: Renounce Religion, Divine Shield


You were on level 9 of the Dungeon.
You worshipped the Shining One.
The Shining One was pleased with you.
You visited 2 branches of the dungeon, and saw 11 of its levels.
You also visited: Bailey.

You collected 889 gold pieces.
You spent 329 gold pieces at shops.

Inventory:

Hand Weapons
 n - a +3 vorpal flail
 r - a +0 giant spiked club
 y - a +2 whip of electrocution (weapon)
Missiles
 J - a curare-tipped dart (quivered)
 K - 8 datura-tipped darts
Armour
 t - a +1 cloak of preservation (worn)
 D - a +2 robe of willpower (worn)
Jewellery
 h - a ring of protection from cold (left claw)
 z - a ring of flight (right claw)
Wands
 c - a wand of acid (13)
 A - a wand of paralysis (10)
 G - a wand of iceblast (3)
 H - a wand of flame (49)
Scrolls
 a - a scroll of brand weapon
 b - 5 scrolls of identify
 g - a scroll of enchant weapon
 m - 3 scrolls of amnesia
 o - a scroll of fear {unknown}
 u - 2 scrolls of teleportation
 v - 2 scrolls of magic mapping {unknown}
 w - a scroll of torment {unknown}
 B - a scroll of vulnerability {unknown}
 F - a scroll of noise {unknown}
 M - a scroll of fog
 N - a scroll of immolation {unknown}
Potions
 d - 2 potions of mutation {unknown}
 f - a potion of brilliance {unknown}
 i - a potion of ambrosia {unknown}
 j - a potion of cancellation {unknown}
 k - 6 potions of heal wounds {unknown}
 l - a potion of curing {unknown}
 p - 3 potions of degeneration {unknown}
 q - 3 potions of magic {unknown}
 C - 3 potions of might {unknown}
 E - a potion of lignification {unknown}
 I - a potion of attraction {unknown}
 L - 2 potions of berserk rage {unknown}
 O - a potion of flight {unknown}


   Skills:
 - Level 3.5 Fighting
 * Level 10.9 Maces & Flails
 + Level 9.5 Throwing
 + Level 8.2 Dodging
 - Level 0.3 Stealth


You had 10 spell levels left.
You didn't know any spells.
Your spell library contained the following spells:

 Spells                   Type           Power      Damage    Failure   Level
 Beastly Appendage        Tmut           0%         N/A       43%         1
 Magic Dart               Conj           0%         1d3       43%         1
 Call Imp                 Summ           0%         N/A       56%         2
 Ensorcelled Hibernation  Hex/Ice        0%         N/A       56%         2
 Static Discharge         Conj/Air       0%         N/A       56%         2
 Wereblood                Tmut           0%         N/A       56%         2
 Call Canine Familiar     Summ           0%         N/A       80%         3
 Mephitic Cloud           Conj/Pois/Air  0%         N/A       80%         3
 Portal Projectile        Hex/Tloc       0%         N/A       80%         3
 Spider Form              Tmut/Pois      0%         N/A       80%         3
 Anguish                  Hex/Necr       0%         N/A       99%         4
 Dispel Undead            Necr           0%         3d6       99%         4
 Leda's Liquefaction      Hex/Erth       0%         N/A       99%         4
 Sticky Flame             Conj/Fire      0%         2d3       99%         4
 Lee's Rapid Deconstruct  Erth           0%         3d5*      100%        5
 Statue Form              Tmut/Erth      0%         N/A       100%        6


Dungeon Overview and Level Annotations

Branches:
Dungeon (10/15)            Temple (1/1) D:7          Bailey (visited)
   Lair: D:8-11         Orc: D:9-12

Altars:
Ashenzari
Cheibriados
Dithmenos
Elyvilon
Fedhas
Gozag
Hepliaklqana
Kikubaaqudgha
Makhleb
Nemelex Xobeh
Okawaru
Qazlal
Ru
Sif Muna
Trog
Uskayaw
Vehumet
Wu Jian
Xom
Yredelemnul
Zin
The Shining One

Shops:
D:1 !   D:2 *   D:4 *   D:5 (   D:6 *[(   D:7 :=:*=   D:9 (


Innate Abilities, Weirdness & Mutations

You are too large for most types of armour.
You have claws for hands.
Your natural rate of healing is unusually fast.
You are covered in fur. (AC +1)
You have tough skin. (AC +1)


Message History

The wight hits you with a +2 scimitar!
You hit the kobold demonologist but do no damage.
The kobold demonologist is moderately wounded.
The kobold demonologist casts a spell.
You hit the kobold demonologist.
Lightning courses through the kobold demonologist!
Your claw misses the kobold demonologist.
The kobold demonologist is severely wounded.
The wight misses you.
You hit the kobold demonologist.
The kobold demonologist is severely wounded.
The sun demon closely misses you.
The kobold demonologist mumbles some strange words.
The wight hits you but does no damage.
You hit the kobold demonologist.
The kobold demonologist is severely wounded.
The sun demon hits you!
You are engulfed in flames!
You hit the kobold demonologist but do no damage.
The kobold demonologist is severely wounded.
The kobold demonologist looks satisfied for a moment.
The wight closely misses you.
You hit the kobold demonologist.
The kobold demonologist is almost dead.
The sun demon hits you!
You are engulfed in flames!
You barely miss the kobold demonologist.
The kobold demonologist is almost dead.
The kobold demonologist hits you but does no damage.
The wight barely misses you. The sun demon misses you.
You hit the kobold demonologist.
The kobold demonologist is almost dead.
The kobold demonologist mumbles some strange words.
Unknown command.
You hit the kobold demonologist.
The kobold demonologist is almost dead.
The wight hits you with a +2 scimitar!
* * * LOW HITPOINT WARNING * * *
The sun demon hits you!!
* * * LOW HITPOINT WARNING * * *
You are engulfed in flames!
You die...

##.##.###..................###
#.##..#....###.###.###...#######
##.........####.##..# #......##..
#......#)#..##..#..####.#.##.....
..###....##...[#..####....#####..
.####........[.[.####....#### ###
.##[.......).#####4.........#####
.##(..##...#.###Kz4.....###......
..)[.#####.....3@##.....###......
####.# #....#..####....^##.[.....
# ##.###.#....## #..............
# #..##..#....# ###.....##.......
###.....#...#.# #...######.......
....#####.#...# #.### #.......
#...#####.#...###.# ##......
#.#.......#.#.##..# ##.....
..#)###.#.#.#....## #######


You could see a sun demon (summoned), an orange demon (summoned), an ice devil
(summoned), a kobold demonologist and a wight.

Vanquished Creatures
  2 two-headed ogres (D:9)
  Pikel (D:5)
  3 orc knights (Bailey)
  3 kobold demonologists
  2 polar bears (D:8)
  A hornet (D:9)
  Grinder (D:4)
  Sigmund (D:4)
  12 yaks
  A wraith (D:10)
  2 vampire mosquitoes (D:9)
  Menkaure (D:5)
  3 steam dragons
  Edmund (D:6)
  3 water moccasins
  Duvessa (D:5)
  A sky beast (D:6)
  3 orc warriors
  4 ice beasts
  A necrophage (D:2)
  A wolf (D:8)
  2 centaurs
  2 ogres
  2 phantoms
  A lemure (D:5)
  6 kobold brigands
  A bullfrog (D:6)
  A scorpion (D:3)
  A water moccasin zombie (D:3)
  A wyvern skeleton (D:7)
  Dowan (D:5)
  4 wights
  3 howler monkeys
  An electric eel (D:8)
  A bullfrog zombie (D:5)
  A hound (D:4)
  2 jellies
  5 orc priests
  2 centaur skeletons
  Crazy Yiuf (D:4)
  A bullfrog skeleton (D:6)
  6 iguanas
  7 orc wizards
  A killer bee zombie (D:5)
  A centaur simulacrum (D:8)
  A howler monkey zombie (D:9)
  2 adders
  A howler monkey skeleton (D:6)
  2 shadow imps
  6 white imps
  An adder skeleton (D:4)
  3 worms
  3 dart slugs
  25 orcs
  6 bats
  6 endoplasms
  2 giant cockroaches
  4 goblins
  9 hobgoblins
  3 jackals
  16 kobolds
  3 quokkas
  8 ball pythons
  7 frilled lizards
  4 rats
214 creatures vanquished.

Notes
Turn   | Place    | Note
-------+----------+-------------------------------------------
     0 | D:1      | Jerry the Troll Hunter began the quest for the Orb.
     0 | D:1      | Reached XP level 1. HP: 19/19 MP: 0/0
    19 | D:1      | Found Diotivab's Distillery.
   123 | D:1      | Reached XP level 2. HP: 28/28 MP: 1/1
   865 | D:2      | Noticed a necrophage
   869 | D:2      | Killed a necrophage
   870 | D:2      | Reached XP level 3. HP: 31/36 MP: 2/2
   870 | D:2      | Reached XP level 4. HP: 38/44 MP: 3/3
  1018 | D:2      | Found Naerub's Assorted Antiques.
  1273 | D:2      | Reached XP level 5. HP: 50/50 MP: 4/4
  1562 | D:2      | Bought a scroll labelled FIM CIM READGH for 19 gold pieces
  1872 | D:3      | Found a faded altar of an unknown god.
  2272 | D:3      | Reached XP level 6. HP: 61/61 MP: 5/5
  2479 | D:3      | Reached skill level 5 in Throwing
  2711 | D:4      | Noticed an ice beast
  2715 | D:4      | Killed an ice beast
  2716 | D:4      | Reached skill level 1 in Maces & Flails
  2733 | D:4      | Noticed Sigmund
  2734 | D:4      | Killed Sigmund
  2735 | D:4      | Reached skill level 2 in Maces & Flails
  2735 | D:4      | Reached XP level 7. HP: 67/67 MP: 6/6
  2793 | D:4      | Noticed Grinder
  2795 | D:4      | Paralysed by Grinder for 2 turns
  2802 | D:4      | Paralysed by Grinder for 6 turns
  2827 | D:4      | Paralysed by Grinder for 5 turns
  2845 | D:4      | Killed Grinder
  2846 | D:4      | Reached skill level 3 in Maces & Flails
  2932 | D:4      | Found Muetur's CLEARANCE SALE!.
  3035 | D:4      | Found a runed translucent door.
  3036 | D:4      | Noticed Crazy Yiuf
  3040 | D:4      | Killed Crazy Yiuf
  3180 | D:5      | Entered Level 5 of the Dungeon
  3291 | D:5      | Noticed Pikel
  3300 | D:5      | Killed Pikel
  3301 | D:5      | Reached skill level 4 in Maces & Flails
  3301 | D:5      | Reached XP level 8. HP: 68/75 MP: 7/7
  3349 | D:5      | Noticed Menkaure
  3389 | D:4      | Reached skill level 5 in Maces & Flails
  3401 | D:5      | Killed Menkaure
  3402 | D:5      | Reached skill level 5 in Dodging
  3503 | D:5      | Found Wochar's Weapon Boutique.
  3575 | D:5      | Found an ornate altar of the Wu Jian Council.
  3615 | D:5      | Noticed Duvessa
  3615 | D:5      | Noticed Dowan
  3630 | D:5      | Killed Duvessa
  3655 | D:5      | Killed Dowan
  3775 | D:5      | Reached skill level 6 in Maces & Flails
  4158 | D:6      | Found a white marble altar of Elyvilon.
  4158 | D:6      | Found a shimmering blue altar of Sif Muna.
  4209 | D:6      | Reached XP level 9. HP: 64/83 MP: 8/8
  4298 | D:6      | Found Sotega's General Store.
  4301 | D:6      | Noticed Edmund
  4308 | D:6      | Killed Edmund
  4333 | D:6      | Bought a scroll of teleportation for 30 gold pieces
  4489 | D:6      | Found Imur's Antique Weapon Shop.
  4504 | D:6      | Found Boggaut's Armour Emporium.
  4520 | D:6      | Bought a +2 robe of willpower for 247 gold pieces
  5079 | D:7      | Found Rohiotz's Jewellery Shop.
  5145 | D:7      | Found Zika's Jewellery Emporium.
  5307 | D:7      | Found Ykizatz's Book Emporium.
  5389 | D:7      | Found Poqaludo's Assorted Antiques.
  5422 | D:7      | Bought a scroll labelled BUMALO OTILAUH for 33 gold pieces
  5710 | D:7      | Found a staircase to the Ecumenical Temple.
  5721 | Temple   | Entered the Ecumenical Temple
  6088 | Temple   | Became a worshipper of the Shining One
  6314 | D:7      | Found Parghoun's Book Shop.
  6345 | D:8      | Reached skill level 7 in Maces & Flails
  6656 | D:8      | Identified the +5 rapier "Abbif" {vorpal, Dex+3}
  6757 | D:8      | Noticed a polar bear
  6762 | D:8      | Killed a polar bear
  6783 | D:8      | Reached * piety under the Shining One
  6930 | D:8      | Reached skill level 8 in Maces & Flails
  6930 | D:8      | Reached XP level 10. HP: 91/91 MP: 9/9
  7096 | D:8      | Found a flagged portal.
  7146 | Bailey   | Entered a bailey
  7290 | Bailey   | Noticed an orc knight
  7290 | Bailey   | Noticed an orc knight
  7290 | Bailey   | Noticed an orc knight
  7316 | Bailey   | Killed an orc knight
  7351 | Bailey   | Killed an orc knight
  7448 | Bailey   | Killed an orc knight
  7449 | Bailey   | Reached skill level 9 in Maces & Flails
  7509 | Bailey   | Found a burning altar of Makhleb.
  8091 | D:9      | Noticed a two-headed ogre
  8106 | D:9      | Killed a two-headed ogre
  8107 | D:9      | Reached XP level 11. HP: 97/97 MP: 10/10
  8152 | D:9      | Reached skill level 10 in Maces & Flails
  8429 | D:9      | Noticed a two-headed ogre
  8429 | D:9      | Reached ** piety under the Shining One
  8431 | D:9      | Killed a two-headed ogre
  8638 | D:9      | Found Tawuow's Antique Weapon Shoppe.
  8705 | D:9      | Found a hide-covered altar of Uskayaw.
  8771 | D:10     | Entered Level 10 of the Dungeon
  8971 | D:10     | Paralysed by a hornet for 1 turns
  8976 | D:10     | Paralysed by a hornet for 1 turns
  8986 | D:10     | HP: 3/97 [hornet (4)]
  8988 | D:10     | HP: 1/97 [poisoned by a hornet]
  8993 | D:10     | HP: 1/97 [poisoned by a hornet]
  9456 | D:9      | Noticed a sun demon
  9463 | D:9      | HP: 2/95 [sun demon[a kobold demonologist] (25)]
  9463 | D:9      | Mangled by a sun demon

Illustrated notes

Levels and vault maps discovered:
D:1:      wander_arrival_chamber, layout_loops_corners, serial_shops,
          nicolae_shop_stone, minmay_heptomino_d4
D:2:      layout_loops_cross, serial_shops, shop, minmay_shallow_snake_nest
D:3:      layout_basic, hellmonk_ecumenical_altar_lost_god, minmay_ruptured
D:4:      layout_basic, nicolae_shop_clearance, uniq_grinder,
          uniq_crazy_yiuf_cottage, uniq_sigmund
D:5:      layout_basic, mainiacjoe_overflow_concentric_impassable,
          kennysheep_windowed_goal, uniq_menkaure, uniq_pikel, uniq_duvessa
D:6:      layout_basic, mainiacjoe_overflow_divided_tiny, serial_shops,
          nicolae_shop_advertising_works [nicolae_subvault_shop_adworks],
          nicolae_shop_hallway_stairs, nicolae_diamond_shop, st_stairs_13,
          uniq_edmund
D:7:      layout_loops_corners, minmay_temple_entry_statues_pillars,
          serial_shops, shop, nicolae_shop_overgrown_old_shop,
          nicolae_shop_statue_plus, kennysheep_little_box,
          nicolae_shop_hallway_plus, serial_glass, glass_columns_a,
          glass_columns_a
D:8:      layout_gridville, enter_bailey_8, serial_ice, serial_ice_l,
          serial_ice_b, serial_ice_e, serial_ice_o, serial_ice_h, serial_ice_m,
          serial_ice_c
D:9:      layout_rooms, mainiacjoe_overflow_chevrons, serial_shops,
          nicolae_shop_hallway_stairs
D:10:     layout_basic, orc_0_dummy, serial_curves, eino_curves_04,
          eino_curves_01, eino_curves_03
Temple:   dpeg_five_rooms_temple

Skill      XL: |  1  2  3  4  5  6  7  8  9 10 11 |
---------------+----------------------------------+-----
Fighting       | 2 3 |  3.5
Dodging        | 2 3 4 5 6 7 8 |  8.2
Throwing       | 4 5 6 7 9 |  9.5
Maces & Flails | 2 4 6 8 9 10 | 10.9
Stealth        | |  0.3

Action                   |  1- 3 |  4- 6 |  7- 9 | 10-12 || total
-------------------------+-------+-------+-------+-------++-------
Melee: Unarmed           |    54 |   144 |       |       ||   198
       Whip              |       |    10 |   290 |   345 ||   645
       Quarterstaff      |       |       |     6 |       ||     6
       Punch             |       |       |     4 |     5 ||     9
Throw: Large rock        |     3 |    22 |    59 |    34 ||   118
       Throwing net      |       |     3 |     1 |       ||     4
       Dart              |       |       |       |     6 ||     6
  Use: Scroll            |     3 |     3 |     3 |     1 ||    10
       Potion            |       |       |       |     2 ||     2
 Stab: Sleeping          |     1 |     4 |     1 |       ||     6
       Distracted        |       |       |     1 |       ||     1
Armor: Robe              |    20 |    47 |    93 |    97 ||   257
Dodge: Dodged            |    13 |    72 |   162 |   236 ||   483
